 Dungeon Crawl Stone Soup version 0.32-a0-791-gfc315c9ecd (webtiles) character file.

Game seed: 4949158452229137776

147 Ajdolov the Trooper (level 5, -1/48 HPs)
             Began as a Ghoul Hunter on Mar 20, 2024.
             Splashed by a jelly's acid (5 damage)
             ... on level 3 of the Dungeon.
             The game lasted 00:04:20 (2252 turns).

Ajdolov the Trooper (Ghoul Hunter)                  Turns: 2252, Time: 00:04:20

Health: -1/48      AC: -1    Str: 15    XL:     5   Next: 29%
Magic:  5/5        EV: 10    Int:  8    God:
Gold:   212        SH:  0    Dex: 14    Spells: 4/4 levels left

rFire   . . .        q - +2 hand axe (venom)
rCold   + + .        (no shield)
rNeg    + + +        c - +0 leather armour
rPois   ∞            r - +2 hat
rElec   .            (no cloak)
rCorr   .            j - +0 pair of gloves
SInv    .            l - +0 pair of boots
Will    .....        (no amulet)
Stlth   +            v - ring of protection from cold
HPRegen 0.00/turn    (no ring)
MPRegen 0.09/turn

%: no passive effects
@: corroded, inhibited regen
A: claws 1, cold resistance 1, negative energy resistance 3, inhibited
regeneration, torment resistance 2, devour on kill
a: no special abilities


You were on level 3 of the Dungeon.
You visited 2 branches of the dungeon, and saw 5 of its levels.

You collected 212 gold pieces.

Inventory:

Hand Weapons
 a - a +0 shortbow
 q - a +2 hand axe of venom (weapon)
Armour
 c - a +0 leather armour (worn)
 j - a +0 pair of gloves (worn)
 l - a +0 pair of boots (worn)
 r - a +2 hat (worn)
Jewellery
 v - a ring of protection from cold (left hand)
Wands
 k - a wand of iceblast (7)
Scrolls
 b - a scroll of butterflies
 d - 4 scrolls of identify {unknown}
 f - a scroll of enchant weapon {unknown}
 n - a scroll of vulnerability {unknown}
 o - a scroll of torment {unknown}
 s - a scroll of fear {unknown}
 t - a scroll of revelation {unknown}
 u - a scroll of acquirement {unknown}
 w - a scroll of immolation {unknown}
Potions
 e - a potion of berserk rage {unknown}
 g - 2 potions of mutation {unknown}
 h - 2 potions of might {unknown}
 i - a potion of heal wounds {unknown}
 m - a potion of lignification {unknown}
 p - a potion of resistance {unknown}


   Skills:
 - Level 5.0 Fighting
 - Level 3.6 Ranged Weapons
 - Level 1.7 Dodging
 - Level 1.1 Stealth
 + Level 2.8 Unarmed Combat


You had 4 spell levels left.
You didn't know any spells.
Your spell library was empty.

Dungeon Overview and Level Annotations

Branches:
Dungeon (4/15)             Temple (1/1) D:4

Altars:
Cheibriados
Gozag
Makhleb
Nemelex Xobeh
Qazlal
Ru
Sif Muna
Uskayaw
Vehumet
Xom

Shops:
D:1 *

Annotations:
D:4 Blork the orc, Eustachio


Innate Abilities, Weirdness & Mutations

You are immune to poison.
You have sharp fingernails.
Your flesh is cold resistant. (rC+)
You are immune to negative energy. (rN+++)
You do not regenerate when monsters are visible.
You are immune to unholy pain and torment.
You thrive by killing the living.


Message History

The adder attacks as it pursues you! The adder closely misses you.
You shoot an arrow. The arrow hits the adder!
You kill the adder!
You feel better.
Unknown command.
You shoot an arrow. The arrow hits the ball python!
You kill the ball python!
Unknown command.
You shoot an arrow. The arrow hits the jelly.
The jelly is moderately wounded.
The jelly hits you.
You are splashed with acid!
Unknown command.
Your +2 hand axe of venom begins to drip with poison!
q - a +2 hand axe of venom (weapon)
The jelly hits you but does no damage.
You hit the jelly.
Your hands burn!
The jelly is heavily wounded.
The jelly hits you. The acid corrodes you!
You are splashed with acid!
Unknown command.
You hit the jelly but do no damage. The acid corrodes you!
Your hands burn!
The jelly is heavily wounded.
The jelly hits you. The acid corrodes you!
You are splashed with acid.
* * * LOW HITPOINT WARNING * * *
Unknown command.
You hit the jelly but do no damage.
Your hands burn!
* * * LOW HITPOINT WARNING * * *
The jelly is heavily wounded.
The jelly barely misses you. x2
Unknown command.
You hit the jelly but do no damage.
Your hands burn!
* * * LOW HITPOINT WARNING * * *
The jelly is heavily wounded.
The jelly closely misses you.
Unknown command.
You hit the jelly.
Your hands burn!
* * * LOW HITPOINT WARNING * * *
The jelly is almost dead.
The jelly barely misses you.
You hit the jelly but do no damage.
The jelly is poisoned.
Your hands burn!
You die...

..............#.......#.......###
..............................##.
............>.#.......#.......##.
#####....####.##.....##...>...##.
# #.........##....###.......##.
#...########.#### ##########.
#...# #.# #. #####..<# #J# #.
.....).####### #@################
##.####......# #.................
...####.####.# ####.##.##.#######
.#.##...####.# #.##.##.#
..(...#...##.## #.##....#
.....###......# #.#####.#
...#..#..###..# #.#####.#
##.##.........# #.......#
.#.###.######.# #########


You could see a jelly (very poisoned).

Vanquished Creatures
  A bombardier beetle (D:3)
  5 adders
  3 dart slugs
  An orc (D:3)
  10 endoplasms
  A giant cockroach (D:2)
  7 goblins
  9 hobgoblins
  A kobold (D:1)
  3 quokkas
  3 ball pythons
  10 bats
  4 frilled lizards
  A rat (D:1)
59 creatures vanquished.

Notes
Turn   | Place    | Note
-------+----------+-------------------------------------------
     0 | D:1      | Ajdolov the Ghoul Hunter began the quest for the Orb.
     0 | D:1      | Reached XP level 1. HP: 17/17 MP: 1/1
    54 | D:1      | Reached skill level 3 in Fighting
    54 | D:1      | Reached XP level 2. HP: 24/26 MP: 2/2
    83 | D:1      | Found Unkook's Assorted Antiques.
   225 | D:1      | Reached XP level 3. HP: 33/33 MP: 3/3
   446 | D:1      | Reached skill level 4 in Fighting
  1051 | D:2      | Reached XP level 4. HP: 41/41 MP: 4/4
  1277 | D:3      | Reached skill level 5 in Fighting
  1277 | D:3      | Reached skill level 1 in Unarmed Combat
  1897 | D:3      | Reached XP level 5. HP: 45/48 MP: 5/5
  2044 | D:4      | Found a staircase to the Ecumenical Temple.
  2050 | Temple   | Entered the Ecumenical Temple
  2064 | D:4      | Noticed Blork the orc
  2077 | D:4      | Noticed Eustachio
  2252 | D:3      | Splashed by a jelly's acid

Illustrated notes

Levels and vault maps discovered:
D:1:      scummos_arrival_forest, layout_rooms, serial_bayou,
          serial_bayou_crossing, serial_bayou_lagoon_b, serial_bayou_shore_a,
          serial_bayou_pond_c, serial_shops, shop, grunt_decor_resistance,
          minmay_tetromino_t2
D:2:      layout_basic
D:3:      layout_loops_cross, minmay_misc_feat_doors, minmay_misc_feat_x
D:4:      layout_rooms, dreamdust_divine_triumvirate, minmay_temple_entry_hall,
          minmay_misc_feat_enclosed, uniq_eustachio, uniq_blork_the_orc,
          uniq_robin
Temple:   eino_temple_lava

Skill      XL: |  1  2  3  4 |
---------------+-------------+-----
Fighting       | 3 4 5 |  5.0
Unarmed Combat | 2 |  2.8
Ranged Weapons | |  3.6
Dodging        | |  1.7
Stealth        | |  1.1

Action                     |  1- 3 |  4- 6 || total
---------------------------+-------+-------++-------
  Melee: Hand axe          |       |     6 ||     6
   Fire: Shortbow          |   125 |    84 ||   209
 Armour: Leather armour    |    28 |    45 ||    73
  Dodge: Dodged            |    37 |    43 ||    80

Table legend: (Time is in decaauts)
 A = Elapsed time spent in this place.
 B = Non-inter-level travel time spent in this place.
 C = Inter-level travel time spent in this place.
 D = Time resting spent in this place.
 E = Time spent auto-exploring this place.
 F = Levels seen in this place.
 G = Mean time per level.
                   A        B        C        D        E       F      G
               +--------+--------+--------+--------+--------+-----+--------+
         Total |   2348 |   2242 |    106 |    116 |   1543 |   5 |  469.6 |
       Dungeon |   2347 |   2241 |    106 |    116 |   1543 |   4 |  586.8 |
        Temple |      1 |      1 |      0 |      0 |      0 |   1 |    1.0 |
               +--------+--------+--------+--------+--------+-----+--------+

Top non-repeatable levels by time:
     D:3: 906 daAuts
     D:1: 814 daAuts
     D:2: 483 daAuts
     D:4: 142 daAuts
  Temple: 1 daAuts
